AoeStats
← TIMVP

Arena

509119188Analyzed
3v3 RM · 6d ago on Sep 25, 2026· 47m 28s· 6 players
Game mode
Random Map
Map size
Normal (6 player)
Population
200
Speed
Normal
Resources
Standard
Victory
Conquest
Starting age
Dark Age
Ending age
Imperial Age
RankedLock teamsTeams togetherTeam positionsShared explorationLock speedFull tech treeHidden civsTurbo modeCheats
Victory
Defeat
🇵🇪 Danes · Peru
734
+9
🇵🇪 Maya · Peru
725
+10
🇨🇱 Persians · Chile
681
+11
🇭🇷 Britons · Croatia
664
-13
🇨🇳 Malay · China
586
-10
🇻🇳 Vietnamese · Vietnam
492
-7
Lanyco
0:40 Loom
11:26 Feudal Age
12:22 Double-Bit Axe
12:20 Horse Collar
19:46 Castle Age
17:57 Stone Mining
18:42 Gold Mining
20:10 Wheelbarrow
19:20 Town Watch
20:44 Heavy Plow
20:58 Bow Saw
22:18 Gold Shaft Mining
28:13 Imperial Age
26:11 Fletching
26:22 Padded Archer Armor
28:11 Ballistics
28:06 Fortified Wall
27:53 Murder Holes
28:05 Bodkin Arrow
29:23 Hand Cart
29:20 Town Patrol
32:34 Two-Man Saw
34:30 Chemistry
33:49 Leather Archer Armor
36:08 Bracer
36:40 Ring Archer Armor
39:01 Yeomen
39:30 Masonry
38:56 Elite Longbowman
43:57 Architecture
44:11 Hoardings
65358105
16:30 Feudal Age
28:07 Castle Age
27:21 Double-Bit Axe
30:08 Wheelbarrow
30:31 Bow Saw
Dai Viet
12:44 Feudal Age
14:57 Double-Bit Axe
21:10 Castle Age
21:31 Horse Collar
23:04 Bow Saw
22:58 Heavy Plow
22:58 Gold Mining
29:25 Imperial Age
29:25 Stone Mining
31:27 Two-Man Saw
33:21 Wheelbarrow
34:53 Forging
34:33 Fletching
34:44 Padded Archer Armor
34:45 Scale Mail Armor
36:47 Chemistry
35:44 Murder Holes
37:12 Iron Casting
36:38 Scale Mail Armor
36:34 Bodkin Arrow
TIMVP
1:04 Loom
12:10 Feudal Age
12:40 Double-Bit Axe
13:39 Wheelbarrow
20:03 Castle Age
18:26 Horse Collar
20:02 Stone Mining
21:33 Stone Shaft Mining
23:02 Hand Cart
22:43 Man-at-Arms
28:16 Bow Saw
28:32 Gold Mining
33:19 Imperial Age
32:03 Hamask
33:32 Scale Mail Armor
33:42 Forging
33:41 Long Swordsman
34:17 Gambesons
34:34 Squires
33:55 Pikeman
34:48 Squires
35:09 Chain Mail Armor
34:30 Two-Handed Swordsman
36:40 Plate Mail Armor
36:46 Iron Casting
35:51 Capped Ram
37:26 Siege Ram
40:09 Thumb Ring
39:25 Elite Skirmisher
39:59 Fletching
40:11 Padded Archer Armor
42:42 Bodkin Arrow
43:03 Leather Archer Armor
43:35 Bracer
45:32 Ballistics
46:13 Chemistry
Takhyom
10:07 Feudal Age
10:36 Double-Bit Axe
18:09 Castle Age
17:25 Horse Collar
17:38 Fletching
17:50 Padded Archer Armor
17:53 Stone Mining
20:34 Wheelbarrow
19:45 Loom
23:03 Bow Saw
23:47 Gold Mining
27:47 Hand Cart
28:14 Pikeman
28:55 Squires
29:01 Kamandaran
29:51 Bodkin Arrow
29:21 Crossbowman
29:51 Gambesons
29:52 Arson
30:47 Thumb Ring
30:52 Town Watch
31:25 Leather Archer Armor
34:40 Imperial Age
33:13 Ballistics
33:35 Town Patrol
33:49 Forging
33:55 Heavy Plow
34:20 Masonry
34:07 Murder Holes
35:35 Iron Casting
35:02 Scale Mail Armor
35:41 Coinage
35:12 Caravan
35:50 Architecture
35:46 Guilds
37:19 Two-Man Saw
36:53 Crop Rotation
37:07 Banking
37:05 Elite Skirmisher
39:34 Husbandry
39:45 Bloodlines
38:56 Cavalier
41:09 Blast Furnace
40:16 Scale Barding Armor
40:42 Ring Archer Armor
41:52 Savar
43:16 Chain Barding Armor
43:29 Ring Archer Armor
43:43 Gold Shaft Mining
43:45 Stone Shaft Mining
44:38 Plate Barding Armor
A†ilA
14:18 Feudal Age
15:41 Wheelbarrow
15:39 Double-Bit Axe
15:38 Horse Collar
19:49 Castle Age
18:10 Fletching
18:20 Padded Archer Armor
18:32 Padded Archer Armor
26:26 Imperial Age
27:34 Conscription
29:11 Bodkin Arrow
29:32 Leather Archer Armor
30:03 Hand Cart
30:12 Bow Saw
41:50 Bracer
42:06 Leather Archer Armor
43:08 Elite Plumed Archer
Connection lost

Rejoining the realm…

Still unreachable

The connection could not be restored.

Session expired

The server has moved on; the page needs a fresh start.